[Event "XLIV Sevilla Open 2019"]
[Site "Sevilla"]
[Date "2019.01.18"]
[Round "8"]
[White "Insa Alfonso, Pablo"]
[Black "Krishna Teja, N."]
[Result "1/2-1/2"]
[ECO "B18"]
[WhiteElo "2301"]
[BlackElo "2371"]
[Annotator "NA"]
[PlyCount "78"]
[EventDate "2019.01.11"]
[EventType "swiss"]
[EventCountry "ESP"]
[SourceTitle "playchess.com"]
[Source "ChessBase"]
[SourceQuality "1"]
[TimeControl "5400+30"]

1. e4 c6 2. d4 d5 3. Nc3 dxe4 4. Nxe4 Bf5 5. Ng3 Bg6 6. h4 h6 7. Nf3 e6 8. Ne5 Bh7 9. Bd3 Bxd3 10. Qxd3 Nf6 11. Bd2 Nbd7 12. f4 Be7 13. O-O-O h5 14. Qf3 g6 15. Kb1 Qc7 16. c4 Rh7 17. Bc3 O-O-O 18. Ne2 Kb8 19. Rhf1 Ng4 20. Nxg4 hxg4 21. Qxg4 Rxh4 22. Qf3 Bf6 23. Be1 Rhh8 24. f5 Bh4 25. Bxh4 Rxh4 26. fxe6 fxe6 27. Qf7 Rg4 28. g3 Qd6 29. Qf3 Rg5 30. Qe3 Rf5 31. Nf4 Rf6 32. Rfe1 Nf8 33. Qe5 Rf5 34. Qe4 g5 35. Nxe6 Qxe6 36. Qxe6 Nxe6 37. Rxe6 Rf3 38. d5 cxd5 39. cxd5 Rxg3 1/2-1/2

[Event "XLIV Sevilla Open 2019"]
[Site "Sevilla"]
[Date "2019.01.18"]
[Round "8"]
[White "Callejas Rojas, Francisco Miguel"]
[Black "Blanco Acevedo, Cristobal Jose"]
[Result "0-1"]
[ECO "E73"]
[WhiteElo "2164"]
[BlackElo "2397"]
[Annotator "NA"]
[PlyCount "58"]
[EventDate "2019.01.11"]
[EventType "swiss"]
[EventCountry "ESP"]
[SourceTitle "playchess.com"]
[Source "ChessBase"]
[SourceQuality "1"]
[TimeControl "5400+30"]

1. d4 Nf6 2. c4 g6 3. Nc3 Bg7 4. e4 d6 5. Be2 O-O 6. Bg5 Nbd7 7. Qd2 e5 8. d5 a6 9. f3 Qe8 10. g4 Nc5 11. h4 Bd7 12. h5 b5 13. b4 Nb7 14. cxb5 axb5 15. Bd3 c5 16. Qh2 h6 17. Bxf6 Bxf6 18. hxg6 Bg7 19. gxf7+ Rxf7 20. Rb1 Ra3 21. Qb2 Qa8 22. Be2 Be8 23. Nh3 Rc7 24. O-O cxb4 25. Nxb5 Bxb5 26. Bxb5 Rxa2 27. Qxb4 Qa7+ 28. Rf2 Bf6 29. Bc4 Ra4 0-1

[Event "XLIV Sevilla Open 2019"]
[Site "Sevilla"]
[Date "2019.01.18"]
[Round "8"]
[White "Garrido Outon, Alex"]
[Black "Montero Melendez, Rafael"]
[Result "0-1"]
[ECO "C67"]
[WhiteElo "2097"]
[BlackElo "2353"]
[Annotator "NA"]
[PlyCount "44"]
[EventDate "2019.01.11"]
[EventType "swiss"]
[EventCountry "ESP"]
[SourceTitle "playchess.com"]
[Source "ChessBase"]
[SourceQuality "1"]
[TimeControl "5400+30"]

1. e4 e5 2. Nf3 Nc6 3. Bb5 Nf6 4. O-O Nxe4 5. d4 Nd6 6. Bxc6 dxc6 7. dxe5 Nf5 8. Qxd8+ Kxd8 9. Rd1+ Ke8 10. h3 Ne7 11. Nc3 Ng6 12. Be3 h6 13. Rd2 Bb4 14. a3 Bxc3 15. bxc3 b6 16. Rad1 c5 17. Nh2 Be6 18. f4 h5 19. g4 hxg4 20. hxg4 Rh3 21. Re1 Nh4 22. Bf2 Rxh2 0-1